 Dungeon Crawl Stone Soup version 0.31.0-1-g2c135a0 (webtiles) character file.

Game seed: 12755363930425177835

12216 bonegar the Summoner (level 11, -11/90 HPs)
             Began as a Naga Enchanter on Feb 17, 2024.
             Was a Believer of Qazlal.
             Mangled by a two-headed ogre
             ... wielding a +0 giant club
              (14 damage)
             ... on level 11 of the Dungeon.
             The game lasted 04:16:47 (17225 turns).

bonegar the Summoner (Naga Enchanter)              Turns: 17225, Time: 04:16:48

Health: -11/90     AC: 17    Str: 11    XL:     11   Next: 89%
Magic:  0/22       EV: 12    Int: 18    God:    Qazlal [**....]
Gold:   529        SH:  8    Dex: 19    Spells: 0/24 levels left

rFire   . . .        I - +3 dagger (vamp)
rCold   . . .        (no shield)
rNeg    . . .        H - +5 acid dragon scales
rPois   +            c - +2 helmet
rElec   .            P - +0 cloak
rCorr   +            (no gloves)
SInv    +            (no barding)
Will    +....        i - amulet of reflection
Stlth   +++          w - ring of flight
HPRegen 0.35/turn    A - +6 ring of dexterity
MPRegen 0.18/turn

%: reflection
@: short of breath, flying, very slightly contaminated, very slow
A: AC +3, large, see invisible, deformed body, poison resistance, slowness 2,
spit poison 1, naga tail 1, fangs 1, stinger 1, screaming 1
a: Spit Poison, Renounce Religion, Upheaval


You were on level 11 of the Dungeon.
You worshipped Qazlal.
Qazlal was pleased with you.
You visited 2 branches of the dungeon, and saw 13 of its levels.
You also visited: Ossuary.

You collected 724 gold pieces.
You spent 195 gold pieces at shops.

Inventory:

Hand Weapons
 a - a +5 dagger of flaming
 f - a +3 hand axe of freezing
 I - a +3 vampiric dagger (weapon)
Missiles
 g - a throwing net
 q - 4 curare-tipped darts
 v - 36 poisoned darts
Armour
 c - a +2 helmet (worn)
 r - quicksilver dragon scales
 s - a +1 leather armour of poison resistance
 z - a +0 robe of resistance
 H - +5 acid dragon scales (worn)
 P - a +0 cloak (worn)
Jewellery
 i - an amulet of reflection (around neck)
 w - a ring of flight (left hand)
 A - a +6 ring of dexterity (right hand)
 B - a ring of fire
 G - an amulet of the acrobat
Talismans
 e - a serpent talisman
 m - a flux talisman
 D - a serpent talisman
Wands
 k - a wand of flame (40)
 E - a wand of digging (9)
 F - a wand of paralysis (7)
 K - a wand of acid (1)
 L - a wand of mindburst (5)
 M - a wand of polymorph (4)
Scrolls
 h - a scroll of silence
 j - 5 scrolls of vulnerability
 x - a scroll of noise
 y - 3 scrolls of amnesia
 C - a scroll of brand weapon
 N - a scroll of immolation
Potions
 n - a potion of cancellation
 o - 4 potions of mutation
 p - 3 potions of degeneration
 t - 2 potions of attraction
Miscellaneous
 l - a phantom mirror (inert) (quivered)


   Skills:
 - Level 3.1 Fighting
 + Level 5.3 Short Blades
 - Level 0.4 Throwing
 - Level 4.6 Armour
 + Level 5.6 Dodging
 - Level 8.0 Stealth
 - Level 2.6 Shields
 - Level 7.4 Spellcasting
 - Level 6.0 Hexes
 * Level 9.2 Summonings
 - Level 5.0 Translocations
 - Level 1.3 Fire Magic
 - Level 1.0 Ice Magic
 - Level 1.2 Evocations


You couldn't memorise any spells.
You knew the following spells:

 Your Spells              Type           Power      Damage    Failure   Level
a - Ensorcelled Hibernat  Hex/Ice        38%        N/A       5%          2
b - Blink                 Tloc           48%        N/A       3%          2
c - Call Imp              Summ           78%        N/A       1%          2
d - Tukima's Dance        Hex            28%        N/A       4%          3
e - Confusing Touch       Hex            28%        N/A       4%          3
f - Summon Small Mammal   Summ           100%       N/A       1%          1
g - Scorch                Fire           22%        2d5       14%         2
h - Summon Mana Viper     Hex/Summ       34%        N/A       19%         5
i - Martyr's Knell        Necr/Summ      23%        N/A       24%         4

Your spell library contained the following spells:

 Spells                   Type           Power      Damage    Failure   Level
 Apportation              Tloc           48%        N/A       1%          1
 Jinxbite                 Hex            56%        N/A       1%          2
 Cause Fear               Hex            14%        N/A       13%         4
 Dazzling Flash           Conj/Hex       34%        N/A       14%         3
 Magic Dart               Conj           24%        1d4       16%         1
 Necrotise                Necr           24%        1d5       16%         1
 Sting                    Conj/Alch      24%        1d4       16%         1
 Summon Forest            Summ/Tloc      16%        N/A       24%         5
 Vampiric Draining        Necr           6%         2d6       43%         3
 Summon Cactus Giant      Summ           19%        N/A       50%         6
 Flame Wave               Conj/Fire      9%         2d6       75%         4
 Yara's Violent Unravell  Hex/Alch       8%         3d5       77%         5
 Fireball                 Conj/Fire      4%         3d4       97%         5
 Curse of Agony           Necr           6%         N/A       99%         5
 Enfeeble                 Hex            14%        N/A       100%        7
 Dragon's Call            Summ           19%        N/A       100%        9


Dungeon Overview and Level Annotations

Branches:
Dungeon (12/15)            Temple (1/1) D:6         Ossuary (visited)
   Lair: D:8-11         Orc: D:9-12

Altars:
Ashenzari
Cheibriados
Dithmenos
Elyvilon
Fedhas
Gozag
Hepliaklqana
Kikubaaqudgha
Makhleb
Nemelex Xobeh
Okawaru
Qazlal
Ru
Sif Muna
Trog
Uskayaw
Vehumet
Wu Jian
Xom
Yredelemnul
Zin
The Shining One
Lugonu

Shops:
D:4 !   D:5 *   D:9 *   D:11 *

Portals:
Abyss: D:5


Innate Abilities, Weirdness & Mutations

Your serpentine skin is tough. (AC +3)
You have supernaturally acute eyesight. (SInv)
Armour fits poorly on your strangely shaped body.
Your system is resistant to poisons. (rPois)
You cover ground very slowly.
You can spit poison.
You have a snake-like lower body.
You have very sharp teeth.
Your tail ends in a venomous barb.
You occasionally shout uncontrollably at your foes.


Message History

You are a level 11 Naga Enchanter.
You are 89% of the way to level 12.
Play time: 04:15:47 (17221 turns).
Zot will find you in 26993 turns if you stay in this branch and explore no new floors.
The quasit bites you but does no damage.
The quasit claws you but does no damage. x2
Send 'em back where they came from!
Your martyred shade disappears in a puff of smoke!
The two-headed ogre barely misses you. The two-headed ogre closely misses you.
You fly upwards.
You block the two-headed ogre's attack.
The two-headed ogre hits you with a +0 giant spiked club!!
* * * LOW HITPOINT WARNING * * *
There is a stone staircase leading down, spattered with blood here.
Aiming: Spit Poison (1% risk of failure)
Press: ? - help, Shift-Dir - straight line, f - two-headed ogre
Aim: a two-headed ogre, wielding two +0 giant clubs (chance to confuse on hit: 41%, 83% to hit)
The splash of poison hits the two-headed ogre.
The two-headed ogre is lightly wounded.
You block the quasit's attack. The quasit barely misses you.
The quasit closely misses you. The two-headed ogre closely misses you.
The two-headed ogre barely misses you.
The nameless horror hits you but does no damage.
The quasit bites you but does no damage.
The quasit claws you but does no damage. x2
As you read the scroll labelled GUETRE RYEKK, it crumbles to dust.
You assume a fearsome visage.
The nameless horror is unaffected.
The two-headed ogre resists with almost no effort.
The two-headed ogre looks frightened!
The quasit looks frightened!
It was a scroll of fear.
The two-headed ogre misses you. The two-headed ogre closely misses you.
The nameless horror hits you!
* * * LOW HITPOINT WARNING * * *
You feel your power leaking away.
Casting: Summon Mana Viper (dangerous; 19% risk of failure)
Confirm with . or Enter, or press ? or * to list all spells.
You don't have enough magic to cast this spell.
You hit the two-headed ogre but do no damage.
The two-headed ogre is lightly wounded.
Your hands stop glowing.
The nameless horror barely misses you.
The two-headed ogre hits you with a +0 giant club!
You die...

# #.. ###...>.. ........
#... #..........
......###....
....8...8.<.......#.....
..##...............#..##.
..##..........#..........
..#..........##..........
.............#O..X....∩.∩
...............O@.$5.....
.#.............###....∩.∩
.....[...................
......)..#............##.
..#......#.............#
..##.......[.............
...#.....................
............#............
#..........##.......##


You could see a nameless horror, 2 two-headed ogres and a quasit (fleeing).

Vanquished Creatures
  A two-headed ogre (D:8)
  The ghost of Kave the Ruffian, a novice TrSh of Sif Muna (D:7)
  Pikel (D:6)
  Maurice (D:10)
  An unseen horror (D:10)
  4 kobold demonologists
  3 trolls
  A hornet (D:10)
  A raiju (D:8)
  Grinder (D:3)
  A shadow (D:9)
  A wraith (D:10)
  11 yaks
  A steam dragon (D:8)
  Grum (D:8)
  Menkaure (D:5)
  An acid dragon (D:8)
  3 nameless horrors
  2 orc warriors
  A sky beast (D:6)
  2 ice beasts
  An ogre (D:5)
  4 wolves
  7 centaurs (D:7)
  A lemure (D:5)
  8 kobold brigands
  A bullfrog (D:8)
  9 scorpions
  A wight (D:10)
  5 howler monkeys
  3 killer bees
  A bombardier beetle (D:5)
  3 centaur zombies (Ossuary)
  A lava snake (D:9)
  2 jellies
  A gnoll bouda (D:5)
  A human zombie (Ossuary)
  3 orc priests
  2 hounds
  A sleepcap (D:4)
  Jessica (D:3)
  6 iguanas
  4 orc wizards
  2 scorpion zombies (Ossuary)
  3 mummies (Ossuary)
  10 adders
  4 gnolls
  A shadow imp (D:6)
  3 white imps
  2 ufetubi (D:6)
  6 orcs
  8 ball pythons
  12 bats
  8 endoplasms
  4 giant cockroaches (D:3)
  A gnoll zombie (Ossuary)
  8 goblins
  8 hobgoblins
  4 jackals (D:2)
  3 quokkas (D:3)
  3 ball python zombies (Ossuary)
  6 frilled lizards
  19 kobolds
  An orc zombie (Ossuary)
  3 rats (D:1)
225 creatures vanquished.

Vanquished Creatures (collateral kills)
  A kobold demonologist (D:9)
  A wyvern (D:10)
  An acid dragon (D:10)
  A black bear (D:9)
  A centaur (D:9)
  A kobold brigand (D:9)
  Blork the orc (D:6)
  3 scorpions (Ossuary)
  2 wights (D:10)
  A killer bee (D:7)
  A howler monkey (D:6)
  A hound (D:5)
  2 jellies
  A centaur zombie (Ossuary)
  An orc priest (D:8)
  An adder (D:5)
  3 orcs
  A bat (D:3)
  A jackal zombie (Ossuary)
  10 kobolds
  An orc zombie (Ossuary)
36 creatures vanquished.

Vanquished Creatures (others)
  5 dancing weapons
  An orc (D:8)
  A kobold (D:9)
7 creatures vanquished.

Grand Total: 268 creatures vanquished

Notes
Turn   | Place    | Note
-------+----------+-------------------------------------------
     0 | D:1      | bonegar the Naga Enchanter began the quest for the Orb.
     0 | D:1      | Reached XP level 1. HP: 15/15 MP: 3/3
   268 | D:1      | Reached XP level 2. HP: 2/22 MP: 5/5
   546 | D:1      | Learned a level 2 spell: Ensorcelled Hibernation
  1443 | D:2      | Reached XP level 3. HP: 28/28 MP: 6/6
  1469 | D:2      | Reached skill level 5 in Stealth
  2300 | D:2      | Reached XP level 4. HP: 37/37 MP: 7/7
  2635 | D:3      | Noticed Grinder
  2652 | D:4      | Found Adokocveh's Distillery.
  2748 | D:4      | Bought a potion of curing for 39 gold pieces
  2820 | D:4      | Noticed a scorpion
  2825 | D:4      | Noticed a scorpion
  2828 | D:4      | Killed a scorpion
  2829 | D:4      | Reached skill level 1 in Fighting
  2829 | D:4      | Reached XP level 5. HP: 33/44 MP: 0/8
  2929 | D:5      | Entered Level 5 of the Dungeon
  2929 | D:5      | Found Hixto's Assorted Antiques.
  2938 | D:5      | Reached skill level 1 in Armour
  2960 | D:5      | Reached XP level 6. HP: 5/51 MP: 4/10
  3342 | D:4      | Reached skill level 1 in Ice Magic
  3482 | D:4      | Reached skill level 1 in Shields
  3985 | D:4      | Reached XP level 7. HP: 40/57 MP: 0/11
  4080 | D:5      | Found a one-way gate to the infinite horrors of the Abyss.
  4093 | D:5      | Gained mutation: You have very sharp teeth. [potion of
                  | mutation]
  4093 | D:5      | Gained mutation: You occasionally shout uncontrollably at
                  | your foes. [potion of mutation]
  4093 | D:5      | Gained mutation: You are occasionally teleported next to
                  | monsters. [potion of mutation]
  4093 | D:5      | Gained mutation: Your muscles are strong. (Str +4, Int/Dex
                  | -1) [potion of mutation]
  4329 | D:4      | Bought a potion of curing for 39 gold pieces
  4329 | D:4      | Bought a potion of curing for 39 gold pieces
  4341 | D:4      | Learned a level 2 spell: Blink
  4344 | D:4      | Learned a level 2 spell: Call Imp
  4625 | D:3      | Noticed Jessica
  4634 | D:3      | Killed Jessica
  5097 | D:4      | Bought a potion of curing for 39 gold pieces
  5347 | D:3      | Killed Grinder
  5348 | D:3      | Reached skill level 2 in Summonings
  5348 | D:3      | Reached skill level 1 in Translocations
  5896 | D:4      | Bought a potion of curing for 39 gold pieces
  5925 | D:4      | Reached XP level 8. HP: 61/64 MP: 8/13
  6331 | D:5      | Found a large runed translucent door.
  6331 | D:5      | Found a corrupted altar of Lugonu.
  6331 | D:5      | Found a large runed translucent door.
  6397 | D:5      | Found a hazy altar of Hepliaklqana.
  6503 | D:5      | Learned a level 3 spell: Tukima's Dance
  7193 | D:5      | Reached skill level 3 in Summonings
  7300 | D:5      | Learned a level 3 spell: Confusing Touch
  7455 | D:5      | Found an ancient bone altar of Kikubaaqudgha.
  7471 | D:5      | Noticed Menkaure
  7679 | D:5      | Killed Menkaure
  7992 | D:6      | Found a sand-covered staircase.
  8004 | Ossuary  | Entered an ossuary
  8008 | Ossuary  | Learned a level 1 spell: Summon Small Mammal
  8293 | Ossuary  | Reached XP level 9. HP: 73/73 MP: 9/16
  8340 | Ossuary  | Reached skill level 5 in Spellcasting
  8654 | Ossuary  | Learned a level 2 spell: Scorch
  8856 | D:6      | Reached skill level 4 in Summonings
  9024 | D:6      | Noticed Pikel
  9223 | D:6      | Found a staircase to the Ecumenical Temple.
  9428 | D:6      | Noticed Blork the orc
  9587 | Temple   | Entered the Ecumenical Temple
  9976 | Temple   | Became a worshipper of Elyvilon the Healer
 10016 | Temple   | Fell from the grace of Elyvilon
 10016 | Temple   | Became a worshipper of Qazlal Stormbringer
 10043 | D:6      | Killed Blork the orc
 10789 | D:7      | Noticed a kobold demonologist
 10804 | D:7      | Noticed a smoke demon
 10936 | D:6      | Killed Pikel
 10937 | D:6      | Reached skill level 5 in Summonings
 11187 | D:7      | Reached skill level 5 in Hexes
 11203 | D:7      | Reached XP level 10. HP: 54/81 MP: 19/19
 11516 | D:7      | Killed a kobold demonologist
 11754 | D:7      | Found a runed translucent door.
 11754 | D:7      | Noticed Kave's ghost (novice TrSh)
 11758 | D:7      | You are sucked into a shaft and drop 1 floor!
 12287 | D:8      | Noticed a two-headed ogre
 12753 | D:7      | Killed Kave's ghost
 13145 | D:7      | Reached skill level 5 in Translocations
 13517 | D:8      | Noticed Grum
 13531 | D:8      | Reached skill level 6 in Summonings
 13537 | D:8      | Killed Grum
 13540 | D:8      | Reached skill level 1 in Evocations
 13778 | D:8      | Reached * piety under Qazlal
 13897 | D:8      | Killed a two-headed ogre
 13898 | D:8      | Reached skill level 1 in Fire Magic
 14286 | D:8      | Lost mutation: You are occasionally teleported next to
                  | monsters. [potion of mutation]
 14286 | D:8      | Lost mutation: You occasionally shout uncontrollably at
                  | your foes. [potion of mutation]
 14286 | D:8      | Lost mutation: Your muscles are strong. (Str +4, Int/Dex
                  | -1) [potion of mutation]
 14286 | D:8      | Gained mutation: You occasionally shout uncontrollably at
                  | your foes. [potion of mutation]
 14286 | D:8      | Gained mutation: Your tail ends in a venomous barb. [potion
                  | of mutation]
 14377 | D:9      | Found a shadowy altar of Dithmenos.
 14384 | D:8      | Reached XP level 11. HP: 90/90 MP: 15/21
 14443 | D:9      | Found a radiant altar of Vehumet.
 14495 | D:9      | Reached skill level 5 in Short Blades
 14614 | D:9      | Learned a level 5 spell: Summon Mana Viper
 14771 | D:9      | Found Akhla's Overcharged Wands.
 14779 | D:9      | Learned a level 4 spell: Martyr's Knell
 15138 | D:10     | Entered Level 10 of the Dungeon
 15156 | D:10     | Reached skill level 7 in Summonings
 15165 | D:10     | Noticed Maurice
 15185 | D:10     | Maurice stole a phantom mirror
 15192 | D:10     | Killed Maurice
 15314 | D:10     | Noticed a nameless horror
 15324 | D:10     | Killed a nameless horror
 15469 | D:10     | Found a shimmering altar of Xom.
 15715 | D:10     | Reached ** piety under Qazlal
 15716 | D:10     | Reached skill level 8 in Summonings
 16272 | D:10     | Reached skill level 5 in Dodging
 16537 | D:11     | Paralysed by a hornet for 2 turns
 16555 | D:10     | Paralysed by a hornet for 2 turns
 16592 | D:10     | HP: 3/90 [kobold brigand/+0 club (4)]
 16609 | D:10     | HP: 3/90 [wraith (4)]
 16966 | D:10     | Reached skill level 9 in Summonings
 17010 | D:10     | Noticed a sun demon
 17210 | D:11     | Noticed a two-headed ogre
 17210 | D:11     | Noticed a two-headed ogre
 17212 | D:11     | Found Imollo Onoe's Assorted Antiques.
 17219 | D:12     | Noticed a nameless horror
 17224 | D:11     | HP: 2/90 [nameless horror[miscasting Summon Mana Viper]
                  | (7)]
 17225 | D:11     | Mangled by a two-headed ogre

Illustrated notes

Levels and vault maps discovered:
D:1:      dpeg_arrival_renting, layout_basic
D:2:      layout_basic
D:3:      layout_loops_ring, minmay_joined_circles, uniq_jessica, uniq_grinder
D:4:      old_forge, layout_loops_cross, serial_shops, nicolae_shop_statue_plus
D:5:      due_chaos_kobolds, layout_rooms, mainiacjoe_overflow_catwalk_spiral,
          nicolae_stop_n_shop_2, grunt_decor_mini_mirrors, minmay_holes,
          minmay_starry_boxes, uniq_menkaure
D:6:      layout_layer_cave, minmay_temple_entry_purple_smoke,
          nicolae_ossuary_entry_ruins, portal_sewer_entry_e, st_stairs_8,
          uniq_blork_the_orc, uniq_pikel
D:7:      layout_basic, hellmonk_ghost_happy_afterlife, centaur_isle
D:8:      layout_loops_ring, enter_bailey_3, nicolae_have_a_lightning_rod,
          uniq_grum
D:9:      layout_long_grid, mainiacjoe_overflow_catch_the_wave,
          david_lair_generic, nicolae_shop_overcharged_wands
D:10:     layout_loops_cross, mainiacjoe_overflow_concentric_impassable,
          nicolae_wwwww, abandoned_shop, uniq_maurice
D:11:     layout_cave_pools, serial_ice, serial_ice_f, serial_ice_l,
          serial_ice_b, serial_ice_g, serial_shops, nicolae_shop_waterfront,
          nicolae_shop_competitors_out_of_business, nicolae_stop_n_shop_1
D:12:     layout_gridville, gammafunk_ghost_grave,
          nicolae_trove_entry_path_of_doom, serial_demonic, serial_demonic_e,
          serial_demonic_e, serial_demonic_c, serial_demonic_d
Temple:   nicolae_temple_bog_church

Skill      XL: |  1  2  3  4  5  6  7  8  9 10 11 |
---------------+----------------------------------+-----
Stealth        | 5 6 7 8 |  8.0
Dodging        | 2 3 4 5 |  5.6
Fighting       | 1 2 3 |  3.1
Armour         | 1 2 3 4 |  4.6
Spellcasting   | 3 4 6 7 |  7.4
Ice Magic      | 1 |  1.0
Shields        | 1 2 |  2.6
Short Blades   | 2 3 4 5 |  5.3
Hexes          | 4 5 6 |  6.0
Summonings     | 2 3 5 6 9 |  9.2
Translocations | 1 2 4 5 |  5.0
Evocations     | 1 |  1.2
Fire Magic     | 1 |  1.3
Throwing       | |  0.4

Action                     |  1- 3 |  4- 6 |  7- 9 | 10-12 || total
---------------------------+-------+-------+-------+-------++-------
  Melee: Dagger            |   121 |   143 |   517 |   787 ||  1568
         Punch             |     1 |     3 |     5 |    13 ||    22
         Bite              |       |       |    62 |   145 ||   207
  Throw: Dart              |       |       |    11 |     7 ||    18
         Throwing net      |       |       |     1 |       ||     1
   Cast: Ensorcelled Hiber |     6 |    18 |    69 |    26 ||   119
         Call Imp          |       |       |    53 |    32 ||    85
         Blink             |       |       |     7 |     8 ||    15
         Summon Small Mamm |       |       |    33 |    18 ||    51
         Confusing Touch   |       |       |     3 |    36 ||    39
         Tukima's Dance    |       |       |     9 |    10 ||    19
         Scorch            |       |       |       |     6 ||     6
         Martyr's Knell    |       |       |       |    15 ||    15
         Summon Mana Viper |       |       |       |     8 ||     8
 Invoke: Upheaval          |       |       |       |     1 ||     1
Ability: Spit Poison       |       |     1 |     6 |     8 ||    15
  Evoke: Wand              |       |       |    20 |    18 ||    38
         Phantom mirror    |       |       |     2 |     2 ||     4
    Use: Potion            |       |     7 |    13 |     9 ||    29
         Scroll            |       |     5 |    19 |    21 ||    45
   Stab: Sleeping          |    14 |     9 |    11 |     4 ||    38
         Invisible         |       |     3 |       |       ||     3
         Held in net/web   |       |     1 |       |       ||     1
         Distracted        |       |       |     6 |     3 ||     9
         Confused          |       |       |     1 |    21 ||    22
 Armour: Robe              |    69 |       |       |       ||    69
         Quicksilver drago |       |   127 |   358 |   251 ||   736
         Skin              |       |       |    81 |       ||    81
         Acid dragon scale |       |       |       |   488 ||   488
  Dodge: Dodged            |    56 |    56 |   237 |   498 ||   847
  Block: Other             |       |    31 |   143 |   249 ||   423
         Reflection        |       |       |     4 |    17 ||    21
